 Dungeon Crawl Stone Soup version 0.30.1-3-gfc49f6343a (webtiles) character file.

Game seed: 9399729457211881043

286 Ethylacetat the Firebug (level 6, -8/36 HPs)
             Began as an Octopode Fire Elementalist on July 30, 2023.
             Killed by divine providence
             ... invoked by an orc priest
              (13 damage)
             ... on level 4 of the Dungeon.
             The game lasted 00:12:49 (2338 turns).

Ethylacetat the Firebug (OpFE)                      Turns: 2338, Time: 00:12:50

Health: -8/36      AC:  1    Str:  7    XL:     6   Next: 30%
Magic:  8/11       EV: 13    Int: 20    God:
Gold:   202        SH:  0    Dex: 12    Spells: 9/12 levels left

rFire   . . .        b - +2 whip (venom)
rCold   . . .        g - orb {light}
rNeg    . . .        (helmet restricted)
rPois   .            (no amulet)
rElec   .            (no ring)
rCorr   .            (no ring)
SInv    .            (no ring)
Will    .....        (no ring)
Stlth   ++           (no ring)
HPRegen 0.26/turn    (no ring)
MPRegen 0.12/turn    (no ring)
                     (no ring)

%: no passive effects
@: glowing
A: almost no armour, amphibious, 8 rings, camouflage 1, gelatinous body 1,
(nimble swimmer 1), tentacles
a: no special abilities


You were on level 4 of the Dungeon.
You visited 1 branch of the dungeon, and saw 4 of its levels.

You collected 202 gold pieces.

Inventory:

Hand Weapons
 b - a +2 whip of venom (weapon)
Armour
 g - an orb of light (worn)
Wands
 f - a wand of polymorph (7)
 j - a wand of digging (5)
Scrolls
 c - 6 scrolls of teleportation {unknown}
 d - a scroll of identify {unknown}
 h - a scroll of enchant armour {unknown}
 i - a scroll of blinking {unknown}
Potions
 a - a potion of magic
 e - a potion of lignification {unknown}


   Skills:
 - Level 2.1 Dodging
 - Level 3.0 Stealth
 + Level 3.6 Spellcasting
 + Level 3.4 Conjurations
 + Level 4.5 Fire Magic


You had 9 spell levels left.
You knew the following spells:

 Your Spells              Type           Power      Damage    Failure   Level
a - Foxfire               Conj/Fire      76%        2x1d7     2%          1
b - Scorch                Fire           42%        2d7       3%          2

Your spell library contained the following spells:

 Spells                   Type           Power      Damage    Failure   Level
 Beastly Appendage        Tmut           6%         N/A       13%         1
 Inner Flame              Hex/Fire       12%        N/A       16%         3
 Volatile Blastmotes      Fire/Tloc      24%        2d12      16%         3
 Wereblood                Tmut           3%         N/A       21%         2
 Flame Wave               Conj/Fire      19%        2d7       26%         4
 Spider Form              Tmut/Pois      3%         N/A       36%         3


Dungeon Overview and Level Annotations

Branches:
Dungeon (4/15)
 Temple: D:4-7

Altars:
Xom

Annotations:
D:2 1 runed translucent door, Crazy Yiuf


Innate Abilities, Weirdness & Mutations

You cannot wear most types of armour.
You are amphibious.
You can wear up to eight rings at the same time.
Your skin changes colour to match your surroundings (Stealth+).
Your rubbery body absorbs attacks. (AC +1, EV +1)
((You are camouflaged when in or above water. (Stealth+)))
You have tentacles for arms and can constrict up to eight enemies at once.


Message History

Found 8 stones.
The orc shouts!
Found a ring mail.
An ogre comes into view. It is wielding a +0 giant club.
The orc misses you.
You hit the orc but do no damage.
The orc is poisoned.
You grab the orc. You squeeze the orc.
The orc is almost dead.
You constrict the orc, but do no damage.
The orc hits you with a +0 club.
You hit the orc.
You kill the orc!
A goblin comes into view. It is wielding a +0 dagger.
Casting: Foxfire (safe; 2% risk of failure)
Confirm with . or Enter, or press ? or * to list all spells.
You conjure some foxfire!
Casting: Foxfire (safe; 2% risk of failure)
Confirm with . or Enter, or press ? or * to list all spells.
You conjure some foxfire!
The foxfire hits the ogre.
The ogre is moderately wounded.
The foxfire hits the ogre.
The ogre is moderately wounded.
Casting: Foxfire (safe; 2% risk of failure)
Confirm with . or Enter, or press ? or * to list all spells.
You conjure some foxfire!
The foxfire hits the ogre.
The ogre is heavily wounded.
The foxfire hits the ogre but does no damage.
The ogre is heavily wounded.
You hit the ogre.
The ogre is poisoned.
The ogre is severely wounded.
The foxfire hits the ogre.
The ogre is severely wounded.
The foxfire hits the ogre but does no damage.
The ogre is severely wounded.
The ogre hits you with a +0 giant club!!
Ouch! That really hurt!
* * * LOW HITPOINT WARNING * * *
The orc priest calls down the wrath of Beogh upon you.
Beogh smites you!
You die...

..#... ####...... .
...... #.#......# .# #...
........[####.# ##..
...........#... ....
.......g.....##..##......
...........# .....#......
......()...#.#..>....##.#
......O.@.##.#(......#...
........§.#..........##..
.######....o..#.........#
###....#.....##...# #..
#####..#.............
#.⌠.##....##....##.....P.
...#...........#..##....
#.#####..............##.
#######.##
#...##...##........


You could see an ogre (very poisoned), an orc priest and a goblin.

Vanquished Creatures
  A phantom (D:4)
  Jessica (D:3)
  Terence (D:3)
  2 iguanas (D:4)
  Robin (D:2)
  A gnoll (D:1)
  2 adders (D:3)
  A worm (D:2)
  2 orcs (D:4)
  6 ball pythons
  8 bats
  2 endoplasms
  A giant cockroach (D:1)
  9 goblins
  9 hobgoblins
  4 jackals (D:2)
  2 quokkas (D:1)
  6 frilled lizards
  6 kobolds
  3 rats
68 creatures vanquished.

Vanquished Creatures (others)
  22 foxfires
22 creatures vanquished.

Grand Total: 90 creatures vanquished

Notes
Turn   | Place    | Note
-------+----------+-------------------------------------------
     0 | D:1      | Ethylacetat the Octopode Fire Elementalist began the quest
                  | for the Orb.
     0 | D:1      | Reached XP level 1. HP: 11/11 MP: 3/3
   198 | D:1      | Reached XP level 2. HP: 17/17 MP: 5/5
   308 | D:1      | Reached XP level 3. HP: 16/21 MP: 6/6
   804 | D:2      | Learned a level 2 spell: Scorch
   829 | D:2      | Noticed Robin
   843 | D:2      | Killed Robin
   844 | D:2      | Reached XP level 4. HP: 12/27 MP: 1/8
   894 | D:2      | HP: 1/27 [worm (11)]
   947 | D:2      | Found a runed translucent door.
   948 | D:2      | Noticed Crazy Yiuf
  1442 | D:3      | Noticed Jessica
  1446 | D:3      | Killed Jessica
  1517 | D:3      | Noticed Terence
  1524 | D:3      | Killed Terence
  1525 | D:3      | Reached skill level 4 in Fire Magic
  1525 | D:3      | Reached XP level 5. HP: 31/31 MP: 9/9
  2047 | D:4      | Noticed a phantom
  2053 | D:4      | Killed a phantom
  2054 | D:4      | Reached XP level 6. HP: 32/36 MP: 1/11
  2113 | D:4      | Found a shimmering altar of Xom.
  2338 | D:4      | Killed from afar by an orc priest

Illustrated notes

Levels and vault maps discovered:
D:1:      onia_arrival_mini_spirals, layout_basic
D:2:      layout_loops_cross, uniq_crazy_yiuf_cottage, uniq_robin
D:3:      layout_loops_ring, uniq_terence, uniq_jessica
D:4:      layout_cave_pools, mainiacjoe_overflow_tiny_flanked,
          grunt_ministairs_5, uniq_sigmund

Skill      XL: |  1  2  3  4  5 |
---------------+----------------+-----
Stealth        | 3 |  3.0
Conjurations   | 2 3 |  3.4
Spellcasting   | 3 |  3.6
Fire Magic     | 4 |  4.5
Dodging        | |  2.1

Action                     |  1- 3 |  4- 6 || total
---------------------------+-------+-------++-------
  Melee: Whip              |    54 |    61 ||   115
         Constrict         |    17 |    25 ||    42
         Tentacles         |     6 |    17 ||    23
         Punch             |       |     1 ||     1
   Cast: Foxfire           |     6 |     7 ||    13
         Scorch            |       |     6 ||     6
    Use: Potion            |       |     3 ||     3
   Stab: Sleeping          |     9 |     2 ||    11
 Armour: Skin              |     4 |    10 ||    14
  Dodge: Dodged            |    35 |    33 ||    68
